 Dungeon Crawl Stone Soup version 0.30-a0-1043-g60ff8d5f49 (webtiles) character file.

Game seed: 9495250307714355074

490 Pooter the Ruffian (level 6, -1/61 HPs)
             Began as a Troll Fighter on Apr 9, 2023.
             Slain by an orc
             ... wielding a +0 club
              (2 damage)
             ... on level 4 of the Dungeon.
             The game lasted 00:16:35 (2442 turns).

Pooter the Ruffian (Troll Fighter)                  Turns: 2442, Time: 00:16:36

Health: -1/61      AC:  4    Str: 27    XL:     6   Next: 90%
Magic:  5/5        EV:  8    Int:  4    God:
Gold:   139        SH:  7    Dex:  9    Spells: 5/5 levels left

rFire   . . .      SeeInvis .      - Unarmed
rCold   . . .      Faith    .    d - +0 kite shield
rNeg    . . .      Spirit   .    a - +0 robe
rPois   .          Reflect  .    (helmet restricted)
rElec   .          Rampage  .    (no cloak)
rCorr   .                        (gloves unavailable)
Will    +....                    (boots unavailable)
Stlth   +                        (no amulet)
HPRegen 1.10/turn                k - ring of willpower
MPRegen 0.09/turn                c - ring of flight

@: lethally poisoned (-1 -> -2), flying
A: large, unfitting armour, claws 3, regeneration 1, shaggy fur 1, tough skin 1
a: no special abilities


You were on level 4 of the Dungeon.
You visited 2 branches of the dungeon, and saw 5 of its levels.

You collected 139 gold pieces.

Inventory:

Hand Weapons
 b - a +0 sling
   (You found it on level 1 of the Dungeon)
 f - a +2 dagger of venom
   (You found it on level 2 of the Dungeon)
 p - a +0 trident
   (You found it on level 2 of the Dungeon)
Missiles
 u - 6 boomerangs of dispersal {!f}
 Q - 14 stones (quivered)
Armour
 a - a +0 robe (worn)
 d - a +0 kite shield (worn)
Jewellery
 c - a ring of flight (right claw)
   (You took it off Robin on level 3 of the Dungeon)
 k - a ring of willpower (left claw)
   (You found it on level 1 of the Dungeon)
Scrolls
 e - a scroll of blinking {unknown}
 h - a scroll of magic mapping
 j - a scroll of enchant weapon
 n - a scroll of fog
 s - 3 scrolls of fear {unknown}
 t - a scroll of teleportation {@r4}
 v - 2 scrolls of amnesia {unknown}
Potions
 g - a potion of flight {unknown}
 l - a potion of attraction {unknown}
 o - 2 potions of curing {@q1}
 q - a potion of berserk rage {unknown}
 r - a potion of lignification {unknown}


   Skills:
 + Level 3.6 Fighting
 * Level 2.8 Ranged Weapons
 - Level 2.4 Dodging
 - Level 0.4 Stealth
 - Level 2.6 Shields
 * Level 4.9 Unarmed Combat


You had 5 spell levels left.
You didn't know any spells.
Your spell library contained the following spells:

 Spells                   Type           Power      Damage    Failure   Level
 Cigotuvi's Dreadful Rot  Necr/Pois/Air  0%         N/A       91%         2
 Frozen Ramparts          Ice            0%         1d1       99%         3
 Dispel Undead            Necr           0%         3d6       100%        4
 Ice Form                 Ice/Tmut       0%         N/A       100%        4
 Summon Ice Beast         Ice/Summ       0%         N/A       100%        4
 Death Channel            Necr           0%         N/A       100%        6


Dungeon Overview and Level Annotations

Branches:
Dungeon (4/15)             Temple (1/1) D:4

Altars:
Dithmenos
Fedhas
Gozag
Hepliaklqana
Kikubaaqudgha
Qazlal
Ru
Xom
Yredelemnul
The Shining One

Shops:
D:3 [


Innate Abilities, Weirdness & Mutations

You are too large for most types of armour.
You have claws for hands.
Your natural rate of healing is unusually fast.
You are covered in fur. (AC +1)
You have tough skin. (AC +1)


Message History

* * * LOW HITPOINT WARNING * * *
You claw the scorpion!
You kill the scorpion!
You feel sick. The adder bites you.
* * * LOW HITPOINT WARNING * * *
The orc closely misses you. The orc barely misses you. x2
The adder bites you.
* * * LOW HITPOINT WARNING * * *
You claw the adder!
You feel sick. The orc hits you with a +0 club.
* * * LOW HITPOINT WARNING * * *
You block the orc's attack. The orc hits you with a +0 flail.
* * * LOW HITPOINT WARNING * * *
You block the adder's attack.
You barely miss the orc.
You feel sick. The adder bites you but does no damage.
The orc closely misses you. The orc hits you with a +0 flail.
* * * LOW HITPOINT WARNING * * *
You block the orc's attack.
You claw the orc!
You kill the orc!
You feel sick. The adder completely misses you.
The orc hits you with a +0 club.
* * * LOW HITPOINT WARNING * * *
The orc closely misses you. The adder bites you.
* * * LOW HITPOINT WARNING * * *
You are lethally poisoned!
The adder poisons you!
You feel better. The orc hits you but does no damage. x2
The adder closely misses you.
You scratch the adder. The orc hits you but does no damage.
The orc closely misses you. The adder bites you.
* * * LOW HITPOINT WARNING * * *
You barely miss the adder. The adder bites you.
* * * LOW HITPOINT WARNING * * *
The orc hits you with a +0 club.
* * * LOW HITPOINT WARNING * * *
The orc hits you with a +0 club.
* * * LOW HITPOINT WARNING * * *
The adder bites you.
* * * LOW HITPOINT WARNING * * *
You barely miss the adder. You block the orc's attack.
The orc hits you but does no damage. You block the adder's attack.
Unknown command.
You barely miss the adder. The orc hits you but does no damage.
You block the orc's attack. The adder bites you.
* * * LOW HITPOINT WARNING * * *
You closely miss the adder. The adder bites you.
* * * LOW HITPOINT WARNING * * *
You are lethally poisoned!
The adder poisons you! The orc hits you with a +0 club.
You die...

... #.####....
#..........+......##.
####..........#.###..##.
..............# #...##.
.........?....# #..#.##.
#............# #.##.##.
#...........+ .. #....
#...)So.....#### ####.
####.o@......# #.
#+#..##........# #.
+.'.).#.'####+## #.
#.##.##..####.# #.
#.#.###......... ...
...#.....(......# ...
....###....†......# ...
#..##.....##...(....#
... #. ########........#
...


You could see an adder and 2 orcs.

Vanquished Creatures
  A water moccasin (D:3)
  A black bear (D:4)
  2 scorpions (D:4)
  2 orc wizards (D:3)
  Robin (D:3)
  3 gnolls (D:4)
  2 adders
  A dart slug (D:1)
  7 orcs
  5 bats
  6 endoplasms
  2 giant cockroaches
  13 goblins
  10 hobgoblins
  2 jackals (D:2)
  2 quokkas
  4 ball pythons
  A frilled lizard (D:2)
  5 kobolds
  5 rats
75 creatures vanquished.

Vanquished Creatures (others)
  A ghoul (D:1)
  A minotaur (D:1)
  A draconian (D:1)
  2 spriggans (D:1)
  A vampire (D:1)
  A naga (D:1)
  An ogre (D:1)
  3 mummies (D:1)
  A gnoll (D:1)
  4 tentacles (D:1)
16 creatures vanquished.

Grand Total: 91 creatures vanquished

Notes
Turn   | Place    | Note
-------+----------+-------------------------------------------
     0 | D:1      | Pooter the Troll Fighter began the quest for the Orb.
     0 | D:1      | Reached XP level 1. HP: 22/22 MP: 0/0
     0 | D:1      | Noticed a spriggan
     0 | D:1      | Noticed a minotaur
     0 | D:1      | Noticed a vampire
     0 | D:1      | Noticed a naga
     0 | D:1      | Noticed a kraken
     0 | D:1      | Noticed a spriggan
     0 | D:1      | Noticed an ogre
     0 | D:1      | Noticed a draconian
     0 | D:1      | Noticed a ghoul
     5 | D:1      | Killed a spriggan
     6 | D:1      | Killed a ghoul
     7 | D:1      | Killed a spriggan
     8 | D:1      | Killed a vampire
     9 | D:1      | Killed a draconian
    10 | D:1      | Killed a naga
    10 | D:1      | Killed a minotaur
    11 | D:1      | Killed an ogre
   152 | D:1      | Reached XP level 2. HP: 29/29 MP: 1/1
   762 | D:2      | Reached XP level 3. HP: 36/36 MP: 2/2
  1639 | D:3      | Found Utizas's Antique Armour Emporium.
  1684 | D:3      | Reached skill level 1 in Ranged Weapons
  1721 | D:3      | Reached skill level 3 in Unarmed Combat
  1759 | D:3      | Noticed Robin
  1775 | D:3      | Reached XP level 4. HP: 38/44 MP: 3/3
  1797 | D:3      | Killed Robin
  1801 | D:3      | Reached XP level 5. HP: 42/53 MP: 4/4
  1917 | D:3      | Found a glowing golden altar of the Shining One.
  1922 | D:3      | Noticed an angel
  1950 | D:3      | Noticed a water moccasin
  1960 | D:3      | Killed a water moccasin
  1961 | D:3      | Reached skill level 4 in Unarmed Combat
  2096 | D:3      | Found a basalt altar of Yredelemnul.
  2098 | D:3      | Noticed a profane servitor
  2132 | D:4      | Found a staircase to the Ecumenical Temple.
  2150 | Temple   | Entered the Ecumenical Temple
  2289 | D:4      | Reached XP level 6. HP: 61/61 MP: 5/5
  2329 | D:4      | Found a shimmering altar of Xom.
  2436 | D:4      | HP: 2/61 [adder (2)]
  2441 | D:4      | HP: 3/61 [adder (3)]
  2442 | D:4      | HP: 1/61 [adder (3)]
  2442 | D:4      | Slain by an orc

Illustrated notes

Levels and vault maps discovered:
D:1:      nicolae_arrival_kraken_aquarium_a, layout_loops_ring, st_stairs_3
D:2:      layout_basic
D:3:      layout_rooms, grunt_temple_overflow_holy_war, serial_shops, shop,
          uniq_robin
D:4:      layout_basic, kennysheep_mini, nemelex_dance_club_becter,
          lemuel_doored_altar, minmay_temple_entry_glass
Temple:   nicolae_temple_ecumenical_triangle

Skill      XL: |  1  2  3  4  5 |
---------------+----------------+-----
Ranged Weapons | 1 2 |  2.8
Unarmed Combat | 3 4 |  4.9
Fighting       | 3 |  3.6
Dodging        | |  2.4
Stealth        | |  0.4
Shields        | |  2.6

Action                     |  1- 3 |  4- 6 || total
---------------------------+-------+-------++-------
  Melee: Unarmed           |    61 |    87 ||   148
   Fire: Sling             |    69 |    32 ||   101
  Throw: Dart              |       |     5 ||     5
         Stone             |       |     1 ||     1
    Use: Scroll            |     1 |     4 ||     5
         Potion            |     1 |     2 ||     3
   Stab: Sleeping          |       |     1 ||     1
 Armour: Robe              |    25 |    36 ||    61
  Dodge: Dodged            |    17 |    45 ||    62
  Block: Kite shield       |    24 |    43 ||    67

Table legend: (Time is in decaauts)
 A = Elapsed time spent in this place.
 B = Non-inter-level travel time spent in this place.
 C = Inter-level travel time spent in this place.
 D = Time resting spent in this place.
 E = Time spent auto-exploring this place.
 F = Levels seen in this place.
 G = Mean time per level.
                   A        B        C        D        E       F      G
               +--------+--------+--------+--------+--------+-----+--------+
         Total |   2478 |   2354 |    124 |    160 |   1621 |   5 |  495.6 |
       Dungeon |   2429 |   2310 |    119 |    160 |   1583 |   4 |  607.2 |
        Temple |     48 |     43 |      5 |      0 |     38 |   1 |   48.0 |
               +--------+--------+--------+--------+--------+-----+--------+

Top non-repeatable levels by time:
     D:2: 924 daAuts
     D:1: 737 daAuts
     D:3: 500 daAuts
     D:4: 267 daAuts
  Temple: 48 daAuts
